 Dungeon Crawl Stone Soup version 0.29.1-2-gbd0b4ee654 (webtiles) character file.

Game seed: 16659620619591075558

354 qeuew the Covert (level 6, -15/39 HPs)
             Began as an Octopode Brigand on Nov 3, 2022.
             Demolished by an ogre
             ... wielding a +0 giant club
              (30 damage)
             ... on level 6 of the Dungeon.
             The game lasted 00:06:18 (3629 turns).

qeuew the Covert (Octopode Brigand)                 Turns: 3629, Time: 00:06:19

Health: -15/39     AC:  1    Str: 10    XL:     6   Next: 62%
Magic:  8/8        EV: 13    Int: 14    God:
Gold:   205        SH:  0    Dex: 15    Spells: 4/8 levels left

rFire   . . .      SeeInvis +   g - +2 short sword (flame)
rCold   . . .      Faith    .   (no shield)
rNeg    . . .      Spirit   .   (helmet restricted)
rPois   .          Reflect  .   (no amulet)
rElec   .          Harm     .   f - ring of see invisible
rCorr   .          Rampage  .   (no ring)
Will    .....                   (no ring)
Stlth   +++++.....              (no ring)
HPRegen 0.13/turn               (no ring)
MPRegen 0.11/turn               (no ring)
                                (no ring)
                                (no ring)

@: no status effects
A: almost no armour, amphibious, 8 rings, camouflage 1, gelatinous body 1,
(nimble swimmer 1), tentacles
a: no special abilities


You were on level 6 of the Dungeon.
You visited 1 branch of the dungeon, and saw 6 of its levels.

You collected 205 gold pieces.

Inventory:

Hand Weapons
 g - a +2 short sword of flaming (weapon)
Missiles
 b - 13 poisoned darts
 c - 3 curare-tipped darts
Jewellery
 a - a ring of magical power
 e - a ring of wizardry
 f - a ring of see invisible (left tentacle)
 n - a +6 ring of intelligence
Scrolls
 i - 3 scrolls of enchant armour
 k - a scroll of teleportation
Potions
 d - a potion of haste
 h - a potion of brilliance {unknown}
 l - 3 potions of curing
 m - a potion of berserk rage


   Skills:
 - Level 2.1 Fighting
 * Level 3.6 Short Blades
 + Level 2.2 Throwing
 * Level 2.2 Dodging
 * Level 8.0 Stealth
 * Level 1.8 Spellcasting
 * Level 0.5 Hexes
 + Level 1.2 Necromancy


You had 4 spell levels left.
You knew the following spells:

 Your Spells              Type           Power      Damage    Failure   Level
a - Necrotise             Necr           16%        1d4       14%         1
b - Tukima's Dance        Hex            2%         N/A       52%         3

Your spell library contained the following spells:

 Spells                   Type           Power      Damage    Failure   Level
 Magic Dart               Conj           4%         1d3       24%         1
 Call Imp                 Summ           1%         N/A       36%         2
 Vampiric Draining        Necr           4%         2d6       41%         3
 Mephitic Cloud           Conj/Pois/Air  1%         N/A       58%         3
 Passage of Golubria      Tloc           1%         N/A       94%         4
 Agony                    Necr           4%         N/A       99%         5
 Yara's Violent Unravell  Hex/Tmut       0%         3d3       99%         5


Dungeon Overview and Level Annotations

Branches:
Dungeon (5/15)
 Temple: D:4-7

Altars:
Sif Muna
Xom


Innate Abilities, Weirdness & Mutations

You cannot wear most types of armour.
You are amphibious.
You can wear up to eight rings at the same time.
Your skin changes colour to match your surroundings (Stealth+).
Your rubbery body absorbs attacks. (AC +1, EV +1)
((You are camouflaged when in or above water. (Stealth+)))
You have tentacles for arms and can constrict up to eight enemies at once.


Message History

h - a glowing green potion A black bear comes into view.
A killer bee comes into view.
The helpless black bear fails to defend itself.
You impale the black bear!! You burn the black bear!
You kill the black bear!
Your Stealth skill increases to level 8!
A white imp comes into view.
The white imp shouts, "Give up, thou cockered sheep-biting gnoll-tail!"
An ogre comes into view. It is wielding a +0 giant club.
Found 2 gold pieces.
Found an escape hatch in the ceiling.
The white imp gestures at you. The puff of frost hits you!
The ogre shouts!
You hit the white imp. You burn the white imp. Your grab misses the white imp.
Your squeeze misses the white imp.
The white imp is heavily wounded.
The white imp barely misses you.
You hit the white imp but do no damage. Your grab misses the white imp.
The white imp is heavily wounded.
The white imp hits you but does no damage.
You hit the white imp. You burn the white imp. You grab the white imp.
The white imp is almost dead.
You constrict the white imp, but do no damage.
The white imp misses you.
You hit the white imp. You burn the white imp.
You kill the white imp!
The ogre barely misses you.
You hit the ogre. You burn the ogre.
The ogre is lightly wounded.
You hit the ogre. You burn the ogre.
The ogre is moderately wounded.
The ogre hits you with a +0 giant club!!
Okay, then.
The ogre attacks as you move away! The ogre closely misses you.
Found 13 gold pieces.
The ogre closely misses you.
The ogre hits you with a +0 giant club!!
Ouch! That really hurt!
You die...

##..........
#............###
##.........$....###
#.............$...
##...............#
#...............#
#...............#
#...........<...#
#...........@..#
##..........O...#
####.............###
.##..#.......#####
....########## ...##
....# ....# ....#


You could see an ogre.

Vanquished Creatures
  A black bear (D:6)
  A jelly (D:5)
  Natasha (thrice) (D:3)
  An iguana (D:4)
  An orc wizard (D:4)
  5 adders
  A white imp (D:6)
  A worm (D:4)
  2 dart slugs (D:4)
  5 orcs
  4 endoplasms
  A giant cockroach (D:2)
  2 goblins (D:1)
  6 hobgoblins
  2 jackals (D:4)
  3 kobolds
  A quokka (D:4)
  5 ball pythons
  3 bats
  A frilled lizard (D:2)
  5 rats
54 creatures vanquished.

Vanquished Creatures (others)
  3 plants (D:3)
3 creatures vanquished.

Grand Total: 57 creatures vanquished

Notes
Turn   | Place    | Note
-------+----------+-------------------------------------------
     0 | D:1      | qeuew the Octopode Brigand began the quest for the Orb.
     0 | D:1      | Reached XP level 1. HP: 14/14 MP: 1/1
   274 | D:1      | Reached XP level 2. HP: 19/19 MP: 2/2
   338 | D:1      | Learned a level 1 spell: Necrotise
   827 | D:2      | Reached skill level 6 in Stealth
  1070 | D:2      | Reached skill level 1 in Spellcasting
  1070 | D:2      | Reached XP level 3. HP: 20/24 MP: 2/4
  1309 | D:3      | Noticed Natasha
  1315 | D:3      | Killed Natasha
  1316 | D:3      | Reached XP level 4. HP: 29/29 MP: 5/5
  1381 | D:3      | Noticed Natasha
  1386 | D:3      | Killed Natasha
  1391 | D:3      | Noticed Natasha
  1594 | D:3      | Identified the +1 ring mail "Niuguwedi" {Harm Will+}
  1917 | D:3      | Killed Natasha
  2050 | D:3      | Reached XP level 5. HP: 34/34 MP: 6/6
  2066 | D:3      | Reached skill level 7 in Stealth
  2066 | D:3      | Reached skill level 1 in Necromancy
  3071 | D:4      | Reached XP level 6. HP: 20/39 MP: 8/8
  3431 | D:4      | Learned a level 3 spell: Tukima's Dance
  3436 | D:5      | Entered Level 5 of the Dungeon
  3531 | D:5      | Found a shimmering blue altar of Sif Muna.
  3531 | D:5      | Found a shimmering altar of Xom.
  3557 | D:5      | You fall into a shaft and drop 1 floor!
  3592 | D:6      | Noticed a black bear
  3599 | D:6      | Killed a black bear
  3600 | D:6      | Reached skill level 8 in Stealth
  3629 | D:6      | Demolished by an ogre

Illustrated notes

Levels and vault maps discovered:
D:1:      enne_arrival_octagon_isle, layout_rooms
D:2:      layout_basic
D:3:      wad_lake_hut, layout_basic, hex_intersection, minmay_misc_feat_plants,
          uniq_natasha
D:4:      layout_basic
D:5:      layout_basic, nicolae_overflow_two_pavilions
D:6:      minmay_goblin_kobold_castle, layout_cave_pods,
          minmay_temple_entry_proselytizer, lemuel_flame_loot_1

Skill      XL: |  1  2  3  4  5  6 |
---------------+-------------------+-----
Stealth        | 6 7 8 |  8.0
Spellcasting   | 1 |  1.8
Necromancy     | 1 |  1.2
Dodging        | 2 |  2.2
Short Blades   | 3 |  3.6
Fighting       | |  2.1
Throwing       | |  2.2
Hexes          | |  0.5

Action                   |  1- 3 |  4- 6 || total
-------------------------+-------+-------++-------
Melee: Dagger            |    13 |       ||    13
       Constrict         |     8 |    14 ||    22
       Short sword       |    20 |    62 ||    82
       Tentacles         |     3 |    10 ||    13
       Punch             |       |     1 ||     1
  Use: Scroll            |     6 |     1 ||     7
       Potion            |       |     4 ||     4
 Stab: Sleeping          |    11 |    14 ||    25
Armor: Skin              |     1 |     5 ||     6
Dodge: Dodged            |    13 |    30 ||    43
